[Event "81st Tata Steel Tienkamp 2019"]
[Site "Wijk aan Zee"]
[Date "2019.01.18"]
[Round "1"]
[White "Beerdsen, Thomas"]
[Black "Vrolijk, Liam"]
[Result "1/2-1/2"]
[ECO "C24"]
[WhiteElo "2484"]
[BlackElo "2433"]
[Annotator "RC"]
[PlyCount "43"]
[EventDate "2019.01.12"]
[EventType "tourn"]
[EventCountry "NED"]
[SourceTitle "playchess.com"]
[Source "ChessBase"]
[SourceQuality "1"]
[TimeControl "40/6000+30:20/3000+30:900+30"]

1. e4 e5 2. Bc4 Nf6 3. d3 c6 4. Nf3 d5 5. Bb3 Bb4+ 6. Bd2 Bxd2+ 7. Qxd2 a5 8. a4 dxe4 9. Nxe5 O-O 10. Nc3 exd3 11. O-O-O Na6 12. Nxd3 Bg4 13. f3 Bf5 14. Qg5 Bxd3 15. Rxd3 Qc7 16. Ne4 Nxe4 17. fxe4 Rae8 18. Rf1 Kh8 19. Rh3 Qe7 20. Qh5 Qxe4 21. Qxa5 Re5 22. Qd2 {½-½} 1/2-1/2

[Event "81st Tata Steel Tienkamp 2019"]
[Site "Wijk aan Zee"]
[Date "2019.01.18"]
[Round "1"]
[White "Beukema, Stefan"]
[Black "Kevlishvili, Robby"]
[Result "0-1"]
[ECO "B81"]
[WhiteElo "2414"]
[BlackElo "2453"]
[Annotator "RC"]
[PlyCount "78"]
[EventDate "2019.01.12"]
[EventType "tourn"]
[EventCountry "NED"]
[SourceTitle "playchess.com"]
[Source "ChessBase"]
[SourceQuality "1"]
[TimeControl "40/6000+30:20/3000+30:900+30"]

1. e4 c5 2. Nf3 d6 3. d4 cxd4 4. Nxd4 Nf6 5. Nc3 a6 6. h3 e6 7. g4 h6 8. Bg2 Be7 9. O-O O-O 10. Be3 Nc6 11. a4 Nxd4 12. Qxd4 e5 13. Qb6 Qxb6 14. Bxb6 Be6 15. Rfd1 Rac8 16. Rd2 Rc6 17. Be3 Rfc8 18. Rc1 Rc4 19. Rd3 Nd7 20. Bf1 Nc5 21. Rdd1 Rxc3 22. bxc3 Nxa4 23. f3 Nxc3 24. Rd3 b5 25. Ra1 Na4 26. Rd2 Rc3 27. Ba7 Rxf3 28. c4 Rb3 29. cxb5 axb5 30. Bxb5 Rxb5 31. Rxa4 Rb3 32. Kg2 h5 33. Bf2 hxg4 34. Ra8+ Kh7 35. hxg4 Bxg4 36. Ra7 Bf3+ 37. Kh2 Bg5 38. Rxd6 Bf4+ 39. Bg3 Rb1 0-1

[Event "81st Tata Steel Tienkamp 2019"]
[Site "Wijk aan Zee"]
[Date "2019.01.18"]
[Round "1"]
[White "Kosakowski, Jakub"]
[Black "Rapport, Jovana"]
[Result "1/2-1/2"]
[ECO "C10"]
[WhiteElo "2404"]
[BlackElo "2375"]
[Annotator "RC"]
[PlyCount "115"]
[EventDate "2019.01.12"]
[EventType "tourn"]
[EventCountry "NED"]
[SourceTitle "playchess.com"]
[Source "ChessBase"]
[SourceQuality "1"]
[TimeControl "40/6000+30:20/3000+30:900+30"]

1. e4 e6 2. d4 d5 3. Nc3 dxe4 4. Nxe4 Bd7 5. Nf3 Bc6 6. Bd3 Nd7 7. O-O Ngf6 8. Ned2 Be7 9. c4 Bxf3 10. Nxf3 O-O 11. b3 c5 12. Bb2 cxd4 13. Nxd4 Qa5 14. a3 Rfd8 15. Bc2 Qh5 16. Qxh5 Nxh5 17. Rad1 g6 18. g3 Ng7 19. Be4 Nc5 20. Bf3 a5 21. b4 axb4 22. axb4 Ra2 23. bxc5 Rxb2 24. c6 bxc6 25. Nxc6 Re8 26. Nxe7+ Rxe7 27. c5 Rb8 28. c6 h5 29. Rd3 Kf8 30. Rfd1 Rc7 31. Kf1 Ne8 32. Rd7 Rbc8 33. Rb1 Nf6 34. Rxc7 Rxc7 35. Rb7 Ne8 36. Ke2 Ke7 37. Kd3 Kd8 38. Kd4 Nd6 39. Rb8+ Rc8 40. Rb1 Rc7 41. Kc5 Nc8 42. Rb7 Ne7 43. Kd6 Nf5+ 44. Ke5 Kc8 45. Be4 Ng7 46. h4 Ne8 47. Rb1 Ra7 48. Kf4 Nd6 49. Bf3 Ra5 50. Ke3 Ra3+ 51. Ke2 e5 52. Bd5 Ra5 53. Rd1 f6 54. Kf1 Kc7 55. Kg2 g5 56. hxg5 fxg5 57. Rd2 h4 58. gxh4 {½-½} 1/2-1/2

[Event "81st Tata Steel Tienkamp 2019"]
[Site "Wijk aan Zee"]
[Date "2019.01.18"]
[Round "1"]
[White "Mamedjarova, Zeinab"]
[Black "Martens, Martin"]
[Result "0-1"]
[ECO "A47"]
[WhiteElo "2311"]
[BlackElo "2382"]
[Annotator "RC"]
[PlyCount "74"]
[EventDate "2019.01.12"]
[EventType "tourn"]
[EventCountry "NED"]
[SourceTitle "playchess.com"]
[Source "ChessBase"]
[SourceQuality "1"]
[TimeControl "40/6000+30:20/3000+30:900+30"]

1. d4 Nf6 2. Nf3 e6 3. e3 b6 4. Bd3 Bb7 5. Nbd2 g6 6. e4 d5 7. exd5 Bxd5 8. a4 Bg7 9. a5 O-O 10. O-O Nc6 11. axb6 axb6 12. Rxa8 Qxa8 13. c4 Bxf3 14. Nxf3 Rd8 15. Be3 Ne8 16. Bg5 Rd7 17. Qa1 Qxa1 18. Rxa1 Nxd4 19. Ra8 Kf8 20. Nxd4 Bxd4 21. Bc2 f6 22. Ba4 Re7 23. Bh6+ Kf7 24. b3 g5 25. Rd8 Bc5 26. g4 Bd6 27. Bc6 Ng7 28. Be4 f5 29. gxf5 exf5 30. Bd3 Ne6 31. Rc8 Kg6 32. Bxg5 Kxg5 33. h3 Kf4 34. Kf1 Ng5 35. h4 Nf3 36. Be2 Nd2+ 37. Ke1 Nxb3 0-1

[Event "81st Tata Steel Tienkamp 2019"]
[Site "Wijk aan Zee"]
[Date "2019.01.19"]
[Round "2"]
[White "Kevlishvili, Robby"]
[Black "Mamedjarova, Zeinab"]
[Result "1-0"]
[ECO "C42"]
[WhiteElo "2453"]
[BlackElo "2311"]
[Annotator "RC"]
[PlyCount "73"]
[EventDate "2019.01.12"]
[EventType "tourn"]
[EventCountry "NED"]
[SourceTitle "playchess.com"]
[Source "ChessBase"]
[SourceQuality "1"]
[TimeControl "40/6000+30:20/3000+30:900+30"]

1. e4 e5 2. Nf3 Nf6 3. Nxe5 d6 4. Nf3 Nxe4 5. c4 Be7 6. d4 O-O 7. Bd3 d5 8. O-O Nf6 9. Nc3 Nc6 10. cxd5 Nxd5 11. Re1 h6 12. Nxd5 Qxd5 13. Be4 Qd6 14. d5 Nb4 15. a3 f5 16. Bb1 Nxd5 17. Ba2 c6 18. Bf4 Qd8 19. Bxd5+ cxd5 20. Rc1 Bf6 21. Bc7 Qd7 22. Ne5 Bxe5 23. Bxe5 Rf7 24. Rc7 Qe8 25. Bxg7 Be6 26. Rxf7 Qxf7 27. Bxh6 Qf6 28. Bf4 Bf7 29. Be5 Qb6 30. Bd4 Qc6 31. Re3 Re8 32. Rg3+ Bg6 33. h4 f4 34. Rg5 Kf7 35. h5 Be4 36. Rg7+ Kf8 37. Qg4 1-0

[Event "81st Tata Steel Tienkamp 2019"]
[Site "Wijk aan Zee"]
[Date "2019.01.19"]
[Round "2"]
[White "Martens, Martin"]
[Black "Beerdsen, Thomas"]
[Result "0-1"]
[ECO "B22"]
[WhiteElo "2382"]
[BlackElo "2484"]
[Annotator "RC"]
[PlyCount "62"]
[EventDate "2019.01.12"]
[EventType "tourn"]
[EventCountry "NED"]
[SourceTitle "playchess.com"]
[Source "ChessBase"]
[SourceQuality "1"]
[TimeControl "40/6000+30:20/3000+30:900+30"]

1. e4 c5 2. c3 Nf6 3. e5 Nd5 4. g3 d6 5. exd6 Qxd6 6. Bg2 Nc6 7. Nf3 Bf5 8. O-O Bd3 9. Re1 O-O-O 10. Na3 e5 11. b3 f6 12. Nc4 Qd7 13. Nb2 Bf5 14. Nh4 Be6 15. c4 Nc7 16. d3 g5 17. Nf3 Bh3 18. Be3 h5 19. Qe2 Bxg2 20. Kxg2 h4 21. Kg1 Ne6 22. Red1 g4 23. Ne1 Ncd4 24. Qf1 f5 25. Na4 f4 26. Bxd4 exd4 27. Rd2 f3 28. Nc2 Bh6 29. Rad1 hxg3 30. fxg3 Be3+ 31. Kh1 Rh3 0-1

[Event "81st Tata Steel Tienkamp 2019"]
[Site "Wijk aan Zee"]
[Date "2019.01.20"]
[Round "3"]
[White "Beerdsen, Thomas"]
[Black "Kevlishvili, Robby"]
[Result "1/2-1/2"]
[ECO "B56"]
[WhiteElo "2484"]
[BlackElo "2453"]
[Annotator "ChessBase"]
[PlyCount "48"]
[EventDate "2019.01.12"]
[EventType "tourn"]
[EventCountry "NED"]
[SourceTitle "playchess.com"]
[Source "ChessBase"]
[SourceQuality "1"]
[TimeControl "40/6000+30:20/3000+30:900+30"]

1. e4 c5 2. Nf3 d6 3. d4 cxd4 4. Nxd4 Nf6 5. Nc3 Bd7 6. Bc4 Nc6 7. a3 g6 8. h3 Bg7 9. Be3 Rc8 10. Ba2 O-O 11. Nf3 Na5 12. Qd3 b5 13. Nd2 a6 14. O-O Nb7 15. Rad1 Nc5 16. Qe2 Qc7 17. Rfe1 Qb7 18. Bd4 Bc6 19. Qe3 Ne6 20. Nb3 Nxd4 21. Nxd4 Bd7 22. Nf3 Bc6 23. Nd4 Bd7 24. Nf3 Bc6 1/2-1/2

[Event "81st Tata Steel Tienkamp 2019"]
[Site "Wijk aan Zee"]
[Date "2019.01.20"]
[Round "3"]
[White "Vrolijk, Liam"]
[Black "Martens, Martin"]
[Result "1-0"]
[ECO "B39"]
[WhiteElo "2433"]
[BlackElo "2382"]
[Annotator "ChessBase"]
[PlyCount "83"]
[EventDate "2019.01.12"]
[EventType "tourn"]
[EventCountry "NED"]
[SourceTitle "playchess.com"]
[Source "ChessBase"]
[SourceQuality "1"]
[TimeControl "40/6000+30:20/3000+30:900+30"]

1. e4 c5 2. Nf3 g6 3. d4 cxd4 4. Nxd4 Bg7 5. c4 Nc6 6. Be3 Nf6 7. Nc3 Ng4 8. Qxg4 Nxd4 9. Qd1 e5 10. Bd3 d6 11. O-O O-O 12. Qd2 Be6 13. Rac1 Rc8 14. b3 a6 15. Ne2 Nxe2+ 16. Bxe2 Qe7 17. Rfd1 Rfd8 18. a4 Rd7 19. Rc3 f5 20. f3 Bf8 21. Rd3 Rdc7 22. Bb6 Rc6 23. a5 Qh4 24. Bf2 Qf6 25. Rc3 f4 26. Rdc1 Qf7 27. Qd3 R6c7 28. b4 g5 29. b5 h5 30. Bb6 Rd7 31. bxa6 bxa6 32. c5 dxc5 33. Qxa6 Rd2 34. Bc4 Rc6 35. Qb5 Rcd6 36. Bf1 g4 37. Bxc5 gxf3 38. Rxf3 Qc7 39. Bxd6 Qxd6 40. Rd3 Rxd3 41. Qxd3 Qb4 42. Qc3 1-0

[Event "81st Tata Steel Tienkamp 2019"]
[Site "Wijk aan Zee"]
[Date "2019.01.20"]
[Round "3"]
[White "Beukema, Stefan"]
[Black "Warmerdam, Max"]
[Result "0-1"]
[ECO "A03"]
[WhiteElo "2414"]
[BlackElo "2440"]
[Annotator "ChessBase"]
[PlyCount "98"]
[EventDate "2019.01.12"]
[EventType "tourn"]
[EventCountry "NED"]
[SourceTitle "playchess.com"]
[Source "ChessBase"]
[SourceQuality "1"]
[TimeControl "40/6000+30:20/3000+30:900+30"]

1. f4 d5 2. Nf3 Nf6 3. g3 g6 4. Bg2 Bg7 5. O-O O-O 6. d3 c5 7. Qe1 Nc6 8. c3 d4 9. Na3 Rb8 10. Bd2 b6 11. c4 a6 12. Rc1 Qd6 13. h3 Nh5 14. Ng5 f5 15. Nc2 h6 16. Nf3 e5 17. fxe5 Nxe5 18. Nxe5 Bxe5 19. Bxh6 Bxg3 20. Bxf8 Kxf8 21. Qd1 Bh2+ 22. Kh1 Ng3+ 23. Kxh2 Nxf1+ 24. Kg1 Ng3 25. e3 dxe3 26. Nxe3 Qf4 27. Qf3 Bb7 28. Qf2 Bxg2 29. Kxg2 Nh5 30. Rf1 Qxf2+ 31. Rxf2 Kf7 32. Nd5 Nf6 33. Re2 Nxd5 34. cxd5 Re8 35. Rc2 Re5 36. d4 cxd4 37. Kf2 d3 38. Rc3 Rxd5 39. Ke1 d2+ 40. Kd1 Rd6 41. b4 b5 42. h4 Kg7 43. Rc7+ Kh6 44. Rf7 Kh5 45. Rh7+ Kg4 46. Rh6 f4 47. h5 f3 48. hxg6 f2 49. Rh1 Rxg6 0-1

[Event "81st Tata Steel Tienkamp 2019"]
[Site "Wijk aan Zee"]
[Date "2019.01.20"]
[Round "3"]
[White "Kosakowski, Jakub"]
[Black "Brink, Barry"]
[Result "1/2-1/2"]
[ECO "B47"]
[WhiteElo "2404"]
[BlackElo "2385"]
[Annotator "ChessBase"]
[PlyCount "43"]
[EventDate "2019.01.12"]
[EventType "tourn"]
[EventCountry "NED"]
[SourceTitle "playchess.com"]
[Source "ChessBase"]
[SourceQuality "1"]
[TimeControl "40/6000+30:20/3000+30:900+30"]

1. e4 c5 2. Nf3 e6 3. d4 cxd4 4. Nxd4 Nc6 5. Nc3 Qc7 6. f4 a6 7. Nxc6 bxc6 8. e5 d5 9. exd6 Bxd6 10. Qf3 Nf6 11. Bd3 O-O 12. O-O Bb7 13. Bd2 c5 14. Ne4 Be7 15. Bc3 c4 16. Nxf6+ Bxf6 17. Bxh7+ Kxh7 18. Qh5+ Kg8 19. Bxf6 gxf6 20. Qg4+ Kh7 21. Qh5+ Kg7 22. Qg4+ 1/2-1/2

[Event "81st Tata Steel Tienkamp 2019"]
[Site "Wijk aan Zee"]
[Date "2019.01.20"]
[Round "3"]
[White "Mamedjarova, Zeinab"]
[Black "Rapport, Jovana"]
[Result "1/2-1/2"]
[ECO "A49"]
[WhiteElo "2311"]
[BlackElo "2375"]
[Annotator "ChessBase"]
[PlyCount "72"]
[EventDate "2019.01.12"]
[EventType "tourn"]
[EventCountry "NED"]
[SourceTitle "playchess.com"]
[Source "ChessBase"]
[SourceQuality "1"]
[TimeControl "40/6000+30:20/3000+30:900+30"]

1. d4 Nf6 2. Nf3 g6 3. g3 b6 4. Bg2 Bb7 5. O-O Bg7 6. c4 O-O 7. Nc3 Ne4 8. Qc2 Nxc3 9. bxc3 Nc6 10. Rd1 Na5 11. c5 d5 12. cxb6 cxb6 13. Bf4 Qc8 14. Rac1 Rd8 15. h4 Qf5 16. Qxf5 gxf5 17. h5 Rac8 18. h6 Bh8 19. Bh3 e6 20. Kh2 Ba6 21. Rc2 f6 22. g4 fxg4 23. Bxg4 Kf7 24. Re1 Rg8 25. Bh3 Bb7 26. Nd2 Nc6 27. Rcc1 Ne7 28. e4 dxe4 29. Nxe4 Bxe4 30. Rxe4 f5 31. Re2 Bf6 32. Rce1 Nd5 33. Bd2 Nc7 34. Bf4 Nd5 35. Bd2 Nc7 36. Bf4 Nd5 1/2-1/2

[Event "81st Tata Steel Tienkamp 2019"]
[Site "Wijk aan Zee"]
[Date "2019.01.21"]
[Round "4"]
[White "Kevlishvili, Robby"]
[Black "Vrolijk, Liam"]
[Result "1/2-1/2"]
[ECO "C67"]
[WhiteElo "2453"]
[BlackElo "2433"]
[Annotator "RC"]
[PlyCount "104"]
[EventDate "2019.01.12"]
[EventType "tourn"]
[EventCountry "NED"]
[SourceTitle "playchess.com"]
[Source "ChessBase"]
[SourceQuality "1"]
[TimeControl "40/6000+30:20/3000+30:900+30"]

1. e4 e5 2. Nf3 Nc6 3. Bb5 Nf6 4. O-O Nxe4 5. Re1 Nd6 6. Nxe5 Be7 7. Bf1 Nxe5 8. Rxe5 O-O 9. Nc3 Ne8 10. Nd5 Bd6 11. Re1 c6 12. Ne3 Bc7 13. Nf5 d5 14. Ne7+ Kh8 15. Nxc8 Rxc8 16. Qf3 Nf6 17. d3 Qd7 18. g3 Rce8 19. Bg5 Bd8 20. Bd2 Kg8 21. Bb4 Rxe1 22. Rxe1 Re8 23. Rxe8+ Nxe8 24. Qe3 d4 25. Qe5 Bc7 26. Qc5 Qd6 27. Bh3 a5 28. Qxd6 Nxd6 29. Bc5 Nb5 30. a4 Bd6 31. Bb6 Bc7 32. axb5 Bxb6 33. bxc6 bxc6 34. Bd7 c5 35. Kg2 Kf8 36. Kf3 Ke7 37. Bc8 a4 38. Ba6 Ba5 39. Bb5 Bd2 40. Bxa4 Bc1 41. b4 cxb4 42. Ke4 Bb2 43. Ke5 Bc3 44. f4 Bb2 45. f5 h6 46. h4 Bc3 47. Bc6 Bb2 48. g4 Bc3 49. g5 hxg5 50. hxg5 f6+ 51. gxf6+ gxf6+ 52. Kd5 Bb2 1/2-1/2

[Event "81st Tata Steel Tienkamp 2019"]
[Site "Wijk aan Zee"]
[Date "2019.01.21"]
[Round "4"]
[White "Warmerdam, Max"]
[Black "Mamedjarova, Zeinab"]
[Result "1-0"]
[ECO "A81"]
[WhiteElo "2440"]
[BlackElo "2311"]
[Annotator "ChessBase"]
[PlyCount "80"]
[EventDate "2019.01.12"]
[EventType "tourn"]
[EventCountry "NED"]
[SourceTitle "playchess.com"]
[Source "ChessBase"]
[SourceQuality "1"]
[TimeControl "40/6000+30:20/3000+30:900+30"]

1. d4 f5 2. g3 g6 3. Bg2 Bg7 4. Nc3 Nf6 5. e4 fxe4 6. Nxe4 O-O 7. Nxf6+ exf6 8. c4 Qe7+ 9. Ne2 Re8 10. Be3 d6 11. O-O c6 12. Re1 Qf7 13. b3 f5 14. Bf4 Bf8 15. Nc3 Rxe1+ 16. Qxe1 Qf6 17. c5 Bd7 18. Nd5 cxd5 19. Bxd5+ Kg7 20. cxd6 Bxd6 21. Bxd6 Qxd6 22. Bxb7 Bc6 23. Bxa8 Bxa8 24. Qe5+ Qxe5 25. dxe5 Kf7 26. f4 Ke6 27. Rc1 Bc6 28. Kf2 g5 29. Ke3 gxf4+ 30. gxf4 Be4 31. b4 Nc6 32. b5 Nb4 33. Kd4 Nd3 34. Rc7 Nxf4 35. Rxa7 Ne2+ 36. Ke3 Nc3 37. b6 Kxe5 38. Re7+ Kd6 39. b7 Bxb7 40. Rxb7 Nxa2 {[%emt 0:00:30] Ke4 Kd5+} 1-0

[Event "81st Tata Steel Tienkamp 2019"]
[Site "Wijk aan Zee"]
[Date "2019.01.21"]
[Round "4"]
[White "Kosakowski, Jakub"]
[Black "Beukema, Stefan"]
[Result "1/2-1/2"]
[ECO "C54"]
[WhiteElo "2404"]
[BlackElo "2414"]
[Annotator "ChessBase"]
[PlyCount "93"]
[EventDate "2019.01.12"]
[EventType "tourn"]
[EventCountry "NED"]
[SourceTitle "playchess.com"]
[Source "ChessBase"]
[SourceQuality "1"]
[TimeControl "40/6000+30:20/3000+30:900+30"]

1. e4 e5 2. Nf3 Nc6 3. Bc4 Bc5 4. c3 Nf6 5. d3 a6 6. a4 d6 7. O-O Ba7 8. h3 O-O 9. Re1 Be6 10. Nbd2 h6 11. b4 Ne7 12. Nf1 Ng6 13. Ng3 Qd7 14. Bxe6 fxe6 15. d4 exd4 16. cxd4 Qf7 17. Qc2 Kh8 18. Ra3 d5 19. e5 Nd7 20. Be3 Nb6 21. Nd2 Nh4 22. Rc3 c6 23. b5 Nd7 24. bxc6 bxc6 25. Rxc6 Nxe5 26. Rc7 Nd7 27. Qc6 Rfd8 28. Rb1 Bb8 29. Rc8 Rxc8 30. Qxc8+ Kh7 31. Qc6 Ra7 32. Rb7 Rxb7 33. Qxb7 a5 34. Ndf1 Qe8 35. Bd2 Nf6 36. Bxa5 Qxa4 37. Bd8 Bxg3 38. Qb1+ Ng6 39. Nxg3 Qxd4 40. Qc2 Ne4 41. Nxe4 dxe4 42. Bc7 e3 43. fxe3 Qxe3+ 44. Kh2 e5 45. Qf5 Qe2 46. Bb6 e4 47. Bd4 1/2-1/2

[Event "81st Tata Steel Tienkamp 2019"]
[Site "Wijk aan Zee"]
[Date "2019.01.21"]
[Round "4"]
[White "Brink, Barry"]
[Black "Martens, Martin"]
[Result "1-0"]
[ECO "E73"]
[WhiteElo "2385"]
[BlackElo "2382"]
[Annotator "ChessBase"]
[PlyCount "121"]
[EventDate "2019.01.12"]
[EventType "tourn"]
[EventCountry "NED"]
[SourceTitle "playchess.com"]
[Source "ChessBase"]
[SourceQuality "1"]
[TimeControl "40/6000+30:20/3000+30:900+30"]

1. d4 g6 2. c4 Bg7 3. Nc3 d6 4. e4 Nf6 5. Be2 O-O 6. Be3 c5 7. d5 e6 8. Nf3 exd5 9. exd5 Bg4 10. h3 Bxf3 11. Bxf3 Nfd7 12. Qd2 Ne5 13. Be2 f5 14. f4 Ned7 15. g4 b5 16. cxb5 Nf6 17. gxf5 gxf5 18. Bd3 Ne4 19. Nxe4 fxe4 20. Be2 a6 21. b6 Qh4+ 22. Bf2 Qe7 23. Rg1 Nd7 24. O-O-O Kh8 25. Rxg7 Qxg7 26. Qe3 Qf6 27. Be1 Qxf4 28. Bc3+ Ne5 29. Qxf4 Rxf4 30. b7 Rb8 31. Bxa6 e3 32. Re1 Ra4 33. Bb5 Re4 34. Bc6 Kg8 35. Bxe5 Rxe5 36. a4 Re7 37. Kc2 Kf7 38. Kc3 h5 39. b3 Kg6 40. a5 Rexb7 41. Bxb7 Rxb7 42. Rxe3 Ra7 43. b4 Kg5 44. Kc4 Kf4 45. Ra3 cxb4 46. Kxb4 Ke4 47. Kb5 Kxd5 48. Kb6 Ra8 49. a6 Ke4 50. Kb7 Rg8 51. a7 d5 52. a8=Q Rxa8 53. Rxa8 d4 54. Rd8 d3 55. Kc6 Ke3 56. Kd5 d2 57. Ke5 Ke2 58. Kf5 d1=Q 59. Rxd1 Kxd1 60. Kg5 Ke2 61. Kxh5 1-0

[Event "81st Tata Steel Tienkamp 2019"]
[Site "Wijk aan Zee"]
[Date "2019.01.22"]
[Round "5"]
[White "Beerdsen, Thomas"]
[Black "Warmerdam, Max"]
[Result "1/2-1/2"]
[ECO "B70"]
[WhiteElo "2484"]
[BlackElo "2440"]
[Annotator "ChessBase"]
[PlyCount "37"]
[EventDate "2019.01.12"]
[EventType "tourn"]
[EventCountry "NED"]
[SourceTitle "playchess.com"]
[Source "ChessBase"]
[SourceQuality "1"]
[TimeControl "40/6000+30:20/3000+30:900+30"]

1. e4 c5 2. Nf3 d6 3. d4 cxd4 4. Nxd4 Nf6 5. Nc3 g6 6. g3 Bg7 7. Bg2 O-O 8. O-O Nc6 9. Nb3 Bg4 10. f3 Be6 11. Qe2 a5 12. Nb5 a4 13. N3d4 Nxd4 14. Nxd4 Qb6 15. c3 Rfc8 16. Rf2 a3 17. Nxe6 fxe6 18. Bh3 Kf7 19. bxa3 1/2-1/2

[Event "81st Tata Steel Tienkamp 2019"]
[Site "Wijk aan Zee"]
[Date "2019.01.22"]
[Round "5"]
[White "Mamedjarova, Zeinab"]
[Black "Kosakowski, Jakub"]
[Result "1-0"]
[ECO "A48"]
[WhiteElo "2311"]
[BlackElo "2404"]
[Annotator "NA"]
[PlyCount "55"]
[EventDate "2019.01.12"]
[EventType "tourn"]
[EventCountry "NED"]
[SourceTitle "playchess.com"]
[Source "ChessBase"]
[SourceQuality "1"]
[TimeControl "40/6000+30:20/3000+30:900+30"]

1. d4 Nf6 2. Nf3 g6 3. e3 Bg7 4. Bd3 O-O 5. O-O d6 6. c4 Nc6 7. Nc3 e5 8. b3 Nd7 9. Bb2 f5 10. Be2 Kh8 11. dxe5 dxe5 12. Qd2 e4 13. Nd4 Nc5 14. Rad1 Ne5 15. Ba3 b6 16. Na4 $16 Nxa4 17. Bxf8 Qxf8 18. bxa4 Bd7 19. a5 Re8 20. Rb1 Qf7 21. Rfc1 c5 22. Nb5 Be6 23. axb6 axb6 24. Nd6 Qd7 25. Rxb6 Rd8 26. Rd1 Bf6 27. Nxe4 Qe7 28. Qxd8+ 1-0

[Event "81st Tata Steel Tienkamp 2019"]
[Site "Wijk aan Zee"]
[Date "2019.01.23"]
[Round "6"]
[White "Warmerdam, Max"]
[Black "Vrolijk, Liam"]
[Result "1-0"]
[ECO "C45"]
[WhiteElo "2440"]
[BlackElo "2433"]
[Annotator "NA"]
[PlyCount "81"]
[EventDate "2019.01.12"]
[EventType "tourn"]
[EventCountry "NED"]
[SourceTitle "playchess.com"]
[Source "ChessBase"]
[SourceQuality "1"]
[TimeControl "40/6000+30:20/3000+30:900+30"]

1. e4 e5 2. Nf3 Nc6 3. d4 exd4 4. Nxd4 Bc5 5. Nxc6 bxc6 6. Bd3 Qh4 7. Qe2 Nf6 8. h3 O-O 9. g3 Qh5 {[%emt 0:00:47] LiveBook: 12 Games} 10. g4 Qe5 11. g5 $11 Ne8 12. f4 Qe7 13. Nc3 a5 14. h4 Bd4 15. Nd1 Ba6 16. Bxa6 Rxa6 17. e5 Ra8 18. c3 Bb6 19. Ne3 d6 20. Nc4 dxe5 21. fxe5 Qe6 22. Bd2 g6 23. O-O-O Nd6 24. Nxb6 cxb6 25. h5 Nf5 26. Qh2 Ra7 27. Kb1 Rd7 28. Bc1 Rfd8 29. Rxd7 Rxd7 30. hxg6 fxg6 31. Re1 Ne7 32. Ka1 Nd5 33. Qf2 Kg7 34. c4 Nc7 35. Qxb6 Qxc4 36. Qxa5 Ne6 37. Qc3 Qa6 38. Qh3 Nc5 39. e6 Ra7 40. Qc3+ Kg8 41. a3 1-0

[Event "81st Tata Steel Tienkamp 2019"]
[Site "Wijk aan Zee"]
[Date "2019.01.23"]
[Round "6"]
[White "Beukema, Stefan"]
[Black "Mamedjarova, Zeinab"]
[Result "0-1"]
[ECO "A03"]
[WhiteElo "2414"]
[BlackElo "2311"]
[Annotator "NA"]
[PlyCount "112"]
[EventDate "2019.01.12"]
[EventType "tourn"]
[EventCountry "NED"]
[SourceTitle "playchess.com"]
[Source "ChessBase"]
[SourceQuality "1"]
[TimeControl "40/6000+30:20/3000+30:900+30"]

1. f4 d5 2. Nf3 Nf6 3. g3 b6 4. Bg2 Bb7 5. d3 e6 6. O-O Be7 7. e4 dxe4 8. Ng5 Na6 9. Nc3 Nc5 10. d4 h6 11. Nh3 Na6 12. Nf2 c5 13. Ncxe4 Nxe4 14. Nxe4 Qc7 $11 15. f5 exf5 16. Rxf5 Qd7 17. Rf1 Rd8 18. Qe2 O-O 19. Be3 f5 20. Nc3 Bxg2 21. Qxg2 cxd4 22. Rad1 Qe6 23. Bxd4 Rxd4 24. Rxd4 Bc5 25. Rfd1 Rd8 26. Qe2 Qf7 27. Qxa6 Bxd4+ 28. Kg2 f4 29. Qe2 Re8 30. Ne4 Bxb2 31. Qf3 Be5 32. a3 fxg3 33. hxg3 Qxf3+ 34. Kxf3 Rc8 35. Rd7 Rc7 36. Rd5 Bb2 37. a4 Rxc2 38. Rd7 a5 39. Rb7 Rc6 40. Nd2 Be5 41. g4 Kh7 42. Ke4 Bc3 43. Nf3 Bf6 44. Kf5 Rc5+ 45. Ke6 Rc4 46. Kf5 Rxa4 47. Rxb6 Ra1 48. g5 hxg5 49. Ra6 a4 50. Kg4 a3 51. Kf5 a2 52. Kg4 Kg8 53. Kg3 Kf7 54. Kf2 g4 55. Nd2 Bd4+ 56. Ke2 Bc3 0-1

[Event "81st Tata Steel Tienkamp 2019"]
[Site "Wijk aan Zee"]
[Date "2019.01.23"]
[Round "6"]
[White "Kosakowski, Jakub"]
[Black "Beerdsen, Thomas"]
[Result "0-1"]
[ECO "B47"]
[WhiteElo "2404"]
[BlackElo "2484"]
[Annotator "ChessBase"]
[PlyCount "66"]
[EventDate "2019.01.12"]
[EventType "tourn"]
[EventCountry "NED"]
[SourceTitle "playchess.com"]
[Source "ChessBase"]
[SourceQuality "1"]
[TimeControl "40/6000+30:20/3000+30:900+30"]

1. e4 c5 2. Nf3 e6 3. d4 cxd4 4. Nxd4 Nc6 5. Nc3 Qc7 6. f4 a6 7. Nxc6 bxc6 8. Bd3 d5 9. Qe2 Nf6 10. O-O Be7 11. Kh1 O-O 12. e5 Nd7 13. Na4 g6 14. c4 d4 15. Bd2 c5 16. b3 f5 17. exf6 Nxf6 18. Rae1 Rf7 19. Bc2 Bd6 20. Nb2 a5 21. Nd3 Re7 22. Ne5 Bb7 23. Qd3 Rf8 24. Qg3 Qd8 25. Bd3 Qa8 26. Nxg6 hxg6 27. Bxg6 Rg7 28. Rxe6 Be4 29. Bxe4 Nxe4 30. Qh3 Ng5 31. Qg4 Nxe6 32. Qxe6+ Rff7 33. Rf3 Qd8 0-1

[Event "81st Tata Steel Tienkamp 2019"]
[Site "Wijk aan Zee"]
[Date "2019.01.23"]
[Round "6"]
[White "Rapport, Jovana"]
[Black "Martens, Martin"]
[Result "1/2-1/2"]
[ECO "B08"]
[WhiteElo "2375"]
[BlackElo "2382"]
[Annotator "NA"]
[PlyCount "48"]
[EventDate "2019.01.12"]
[EventType "tourn"]
[EventCountry "NED"]
[SourceTitle "playchess.com"]
[Source "ChessBase"]
[SourceQuality "1"]
[TimeControl "40/6000+30:20/3000+30:900+30"]

1. d4 g6 2. e4 Bg7 3. Nf3 d6 4. Be2 Nf6 5. Nc3 O-O 6. O-O Nc6 7. d5 Nb8 8. a4 e5 9. dxe6 Bxe6 10. Nd4 Bd7 11. Bg5 h6 12. Be3 Nc6 13. Qd2 Re8 14. f3 Nxd4 15. Bxd4 a5 16. Rad1 Bc6 17. Bc4 $14 Nd7 18. f4 Bxe4 19. Bxg7 Kxg7 20. Nxe4 Rxe4 21. Bd5 Rb4 22. c3 Rb6 23. Rde1 Nf6 24. f5 g5 1/2-1/2

[Event "81st Tata Steel Tienkamp 2019"]
[Site "Wijk aan Zee"]
[Date "2019.01.25"]
[Round "7"]
[White "Vrolijk, Liam"]
[Black "Kosakowski, Jakub"]
[Result "1-0"]
[ECO "D71"]
[WhiteElo "2433"]
[BlackElo "2404"]
[Annotator "NA"]
[PlyCount "59"]
[EventDate "2019.01.12"]
[EventType "tourn"]
[EventCountry "NED"]
[SourceTitle "playchess.com"]
[Source "ChessBase"]
[SourceQuality "1"]
[TimeControl "40/6000+30:20/3000+30:900+30"]

1. c4 Nf6 2. g3 g6 3. Bg2 Bg7 4. d4 d5 5. cxd5 Nxd5 6. Nf3 Nb6 7. Nc3 Nc6 8. e3 O-O 9. O-O Re8 10. h3 e5 11. d5 {[%emt 0:00:15] D76: Fianchetto Grünfeld: Main Line with 7...Nb6} Na5 12. Qc2 e4 ({But not} 12... Nxd5 $2 13. Rd1 $18) 13. Nxe4 $146 ({Predecessor:} 13. Nd4 Bxd4 14. exd4 f5 15. Bh6 Nac4 16. f3 e3 17. b3 Nd6 18. Rae1 Nf7 19. Bxe3 Nxd5 20. Nxd5 Qxd5 21. Qxc7 {1-0 (26) Markus,R (2673)-Plenkovic,Z (2413) Mali Losinj 2017}) 13... Qxd5 14. Nd4 $1 Qe5 15. Nc5 Qe7 {[%emt 0:21:59] [#]} 16. b3 $1 Nc6 17. Nxc6 bxc6 18. Rb1 Nd5 19. Bd2 a5 20. a3 $14 Bf5 21. e4 Bd4 22. b4 axb4 23. axb4 Bxc5 24. exf5 Bd6 25. b5 Bc5 26. bxc6 Nb6 27. Rfe1 Qf8 28. Bf4 Re7 29. Rxe7 Qxe7 30. f6 1-0